 Dungeon Crawl Stone Soup version 0.21.1-1-g345015f (webtiles) character file.

32 inc the Chiller (level 3, 0/21 HPs)
             Began as an Octopode Ice Elementalist on June 13, 2018.
             Slain by a hobgoblin
             ... wielding a +0 spear
              (1 damage)
             ... on level 2 of the Dungeon.
             The game lasted 00:02:48 (1275 turns).

inc the Chiller (Octopode Ice Elementalist)         Turns: 1275, Time: 00:02:49

Health: 0/21       AC:  1    Str:  7    XL:     3   Next: 25%
Magic:  6/6        EV: 13    Int: 18    God:
Gold:   84         SH:  0    Dex: 12    Spells: 5/6 levels left

rFire    . . .     SeeInvis .     - Unarmed
rCold    . . .     Gourm    .   (no shield)
rNeg     . . .     Faith    .   (helmet restricted)
rPois    .         Spirit   .   (no amulet)
rElec    .         Reflect  .   d - ring of resist corrosion
rCorr    +         Harm     .   (no ring)
MR       .....                  (no ring)
Stlth    +++.......             (no ring)
HPRegen  0.07/turn              (no ring)
MPRegen  0.10/turn              (no ring)
                                (no ring)
                                (no ring)

@: no status effects
A: almost no armour, stealthy swim, amphibious, 8 rings, constrict 8, camouflage
1, gelatinous body 1
a: no special abilities


You were on level 2 of the Dungeon.
You were not hungry.

You visited 1 branch of the dungeon, and saw 2 of its levels.

You collected 84 gold pieces.

Inventory:

Jewellery
 d - a ring of resist corrosion (left tentacle)
 k - a +1 ring of evasion {unknown}
Scrolls
 c - 2 scrolls of identify {unknown}
 g - a scroll of random uselessness {unknown}
 h - a scroll of immolation {unknown}
 i - a scroll of fog {unknown}
 j - a scroll of remove curse {unknown}
 m - a scroll of amnesia {unknown}
 n - a scroll of teleportation {unknown}
 o - a scroll of noise {unknown}
 q - a scroll of blinking {unknown}
Potions
 e - 2 potions of curing {unknown}
 f - a potion of lignification {unknown}
 l - 2 potions of brilliance {unknown}
 p - a potion of flight {unknown}
Books
 a - a book of Frost

   Spells                             Type                      Level
   a - Freeze                         Ice                          1
   b - Throw Frost                    Conjuration/Ice              2
   c - Ozocubu's Armour               Charms/Ice                   3
   d - Throw Icicle                   Conjuration/Ice              4
   e - Summon Ice Beast               Ice/Summoning                4
Comestibles
 b - a ration


   Skills:
 - Level 2.0 Dodging
 - Level 2.6 Stealth
 + Level 2.8 Unarmed Combat
 - Level 2.0 Spellcasting
   Level 1.0 Conjurations
 - Level 3.0 Ice Magic


You had 5 spell levels left.
You knew the following spells:

 Your Spells              Type           Power        Failure   Level  Hunger
a - Freeze                Ice            ##..         5%          1    #......


Dungeon Overview and Level Annotations

Branches:
Dungeon (2/15)

Altars:


Innate Abilities, Weirdness & Mutations

You cannot wear most types of armour.
You are very stealthy in the water. (Stealth+)
You are amphibious.
You can wear up to eight rings at the same time.
You can use your tentacles to constrict eight enemies at once.
Your skin changes colour to match your surroundings (Stealth+).
Your rubbery body absorbs attacks. (AC +1, EV +1)


Message History

The hobgoblin hits you but does no damage.
The frilled lizard closely misses you.
You tentacle-slap the frilled lizard.
You kill the frilled lizard!
The leopard gecko bites you. The hobgoblin closely misses you.
You closely miss the leopard gecko. You grab the leopard gecko.
You squeeze the leopard gecko.
The leopard gecko is almost dead.
You constrict the leopard gecko, but do no damage.
The leopard gecko barely misses you. The leopard gecko closely misses you.
You tentacle-slap the leopard gecko.
You kill the leopard gecko!
The hobgoblin hits you from afar with a spear.
* * * LOW HITPOINT WARNING * * *
The hobgoblin hits you with a spear.
* * * LOW HITPOINT WARNING * * *
Unknown command.
You barely miss the hobgoblin. You grab the hobgoblin.
You constrict the hobgoblin. The hobgoblin hits you with a spear.
You die...

######.# ##......#
##...#####
##....(## #####
##.......###
#...###
...........#
#.....
##.......#.###.†##
##.....##.......##
##...#########@.#
##.## #..g..# #.#
#.#....# #.#
#.##....# # #.....
#..### .## ##


You could see a hobgoblin.

Vanquished Creatures
  A leopard gecko (D:2)
  4 bats
  2 giant cockroaches
  6 goblins (D:1)
  4 hobgoblins
  A quokka (D:2)
  3 frilled lizards
  2 kobolds (D:2)
  5 rats
  A plant (D:1)
29 creatures vanquished.

Notes
Turn   | Place    | Note
-------+----------+-------------------------------------------
     0 | D:1      | inc the Octopode Ice Elementalist began the quest for the Orb.
     0 | D:1      | Reached XP level 1. HP: 11/11 MP: 3/3
   135 | D:1      | Reached skill level 1 in Unarmed Combat
   213 | D:1      | Reached XP level 2. HP: 16/17 MP: 5/5
  1047 | D:2      | Reached XP level 3. HP: 15/21 MP: 6/6
  1274 | D:2      | HP: 1/21 [hobgoblin/spear (4)]
  1275 | D:2      | Slain by a hobgoblin

Skill      XL: |  1  2 |
---------------+-------+-----
Unarmed Combat | 1 2 |  2.8
Dodging        | |  2.0
Stealth        | |  2.6
Spellcasting   | |  2.0
Conjurations   | |  1.0
Ice Magic      | |  3.0

Action                   || total
-------------------------++-------
Melee: Unarmed           ||   127
       Constrict         ||    26
       Tentacles         ||    17
       Punch             ||     2
 Cast: Freeze            ||     3
 Stab: Sleeping          ||    14
  Eat: Chunk             ||     1
Armor: Skin              ||     9
Dodge: Dodged            ||    71
